 Dungeon Crawl Stone Soup version 0.17-a0-1181-gabc46e6 (webtiles) character file.

531 MonkeyBuisness the Covered (level 7, 0/44 HPs)
             Began as a Gargoyle Fighter on May 31, 2015.
             Killed by nerve-wracking pain
             ... invoked by Grinder
              (12 damage)
             ... on level 3 of the Dungeon on June 1, 2015.
             The game lasted 00:10:51 (3038 turns).

MonkeyBuisness the Covered (Gargoyle Fighter)       Turns: 3038, Time: 00:10:51

Health: 0/44       AC: 15    Str: 20    XL:     7   Next: 24%
Magic:  7/7        EV:  1    Int:  8    God:
Gold:   173        SH: 16    Dex: 11    Spells: 0 memorised, 6 levels left

rFire  . . .     SeeInvis .     a - +1 flail
rCold  . . .     Clarity  .     b - +0 scale mail
rNeg   + . .     SustAt   .     f - +2 large shield
rPois  ∞         Gourm    .     (no helmet)
rElec  +         Spirit   .     (no cloak)
rCorr  .         Warding  .     t - +2 pair of gloves
rMut   .         Stasis   .     (no boots)
MR     .....                    (no amulet)
Stlth  ..........               (no ring)
                                g - ring of teleport control {cTele, !d}

@: not resistant to hostile enchantments, extremely unstealthy
A: negative energy resistance 1, electricity resistance, unbreathing,
petrification resistance, rot immunity, AC +4
a: Evoke Teleport Control


You were on level 3 of the Dungeon.
You were not hungry.

You visited 1 branch of the dungeon, and saw 3 of its levels.

You collected 173 gold pieces.

Inventory:

Hand weapons
 a - a +1 flail (weapon)
Armour
 b - a +0 scale mail (worn)
 f - a +2 large shield (worn)
   (You found it on level 1 of the Dungeon)
 t - a +2 pair of gloves (worn)
   (You found it on level 3 of the Dungeon)
Jewellery
 g - a ring of teleport control (left hand) {cTele, !d}
   (You found it on level 1 of the Dungeon)
 q - a +4 ring of strength {unknown}
   (You found it on level 2 of the Dungeon)
Scrolls
 h - a scroll of identify
Potions
 d - a potion of might
 j - 2 potions of agility {unknown}
 k - a potion of resistance {unknown}
 m - 2 potions of haste {unknown}
 o - a potion of lignification {unknown}
 p - a potion of heal wounds {unknown}
Comestibles
 c - a meat ration {@e2}
 e - a bread ration {@e1}
 s - a beef jerky


   Skills:
 + Level 4.9 Fighting
 + Level 3.6 Maces & Flails
 + Level 5.0 Armour
 + Level 2.7 Dodging
 + Level 4.6 Shields


You had 6 spell levels left.
You didn't know any spells.

Dungeon Overview and Level Annotations

Branches:
Dungeon (3/15)

Altars:
Ashenzari
Sif Muna
Xom

Annotations:
D:3 Grinder


Innate Abilities, Weirdness & Mutations

You are resistant to torment.
Your stone body is resilient (AC +4).
You are immune to poison.
You resist negative energy.
You are resistant to electric shocks.
You can survive without breathing.
You are immune to petrification.
You are immune to rotting.


Message History

Grinder comes into view.
Grinder shouts!
Found a stone staircase leading down.
Grinder hits you.
Found an escape hatch in the ceiling.
You take 2 damage, and have 42/44 hp.
You hit Grinder. You block Grinder's attack. Grinder gestures at you.
You suddenly lose the ability to move!
Grinder hits you.
Grinder gestures.
Grinder blinks!
You can move again.
You take 6 damage, and have 36/44 hp.
You closely miss Grinder. Grinder hits you.
You take 2 damage, and have 34/44 hp.
You barely miss Grinder. You block Grinder's attack.
Your scale mail prevents you from hitting Grinder.
Grinder gestures at you. Pain shoots through your body!
You take 6 damage, and have 29/44 hp.
You are too injured to fight recklessly!
You are too injured to fight recklessly!
You are too injured to fight recklessly!
You are too injured to fight recklessly!
You are too injured to fight recklessly!
You are too injured to fight recklessly!
Your shield and scale mail prevent you from hitting Grinder.
Grinder hits you but does no damage. x2
You closely miss Grinder. Grinder gestures at you.
Pain shoots through your body!
You take 13 damage, and have 16/44 hp.
MASSIVE DAMAGE!!
Grinder gestures at you. Pain shoots through your body!
* * * LOW HITPOINT WARNING * * *
You take 11 damage, and have 5/44 hp.
MASSIVE DAMAGE!!
There is an escape hatch in the ceiling here.
A mysterious force pulls you upwards. The hatch slams shut behind you.
You start resting.
Health restored: 44
There is a stone staircase leading down here.
You climb downwards.
Level annotation: Grinder An ooze comes into view.
The ooze quivers.
You block the ooze's attack.
Found an escape hatch in the floor.
There is a stone staircase leading up here.
You sock the ooze!
You kill the ooze!
No target in view!
You see here 12 gold pieces.
You see here 12 gold pieces.
You now have 173 gold pieces (gained 12).
Grinder gestures at you. Pain shoots through your body!
You take 4 damage, and have 40/44 hp.
You block Grinder's attack.
You sock Grinder! You block Grinder's attack.
You hit Grinder. Grinder gestures at you. Pain shoots through your body!
You take 7 damage, and have 33/44 hp.
Your shield and scale mail prevent you from hitting Grinder.
Grinder hits you but does no damage. Grinder hits you.
You take 2 damage, and have 31/44 hp.
You hit Grinder but do no damage. You block Grinder's attack.
You closely miss Grinder. Grinder gestures at you.
Pain shoots through your body!
You take 7 damage, and have 24/44 hp.
You are too injured to fight recklessly!
You are too injured to fight recklessly!
You are too injured to fight recklessly!
You are too injured to fight recklessly!
You hit Grinder. Grinder barely misses you.
Grinder hits you but does no damage.
You sock Grinder! Grinder gestures at you.
You suddenly lose the ability to move!
Grinder hits you. x2
Grinder hits you but does no damage. Grinder gestures at you.
Pain shoots through your body!
* * * LOW HITPOINT WARNING * * *
Grinder hits you but does no damage.
You can move again.
You take 12 damage, and have 12/44 hp.
MASSIVE DAMAGE!!
You block Grinder's attack. You block Grinder's attack.
Grinder gestures at you.
You shrug off the repeated paralysis!
There is an escape hatch in the ceiling here.
You aren't carrying or standing over any spellbooks.
Grinder gestures at you. Pain shoots through your body!
You die...

..........#######
#.####..........#
#.#.....##.....># #.#
#.#.###.#.......# #.#
..†.##...%......# #.#
.#..............####.#
....##..##......##..(#
.#.......#.####.##...#
........(.......@.5..########+++#
##>.######...###.#........>.....#
##.## #.... #...........<.# #..#
#.......#...........# #..#
#....####...........# .# .
#......###.#### #.#....###..#
#.#.....###.# #...#.#.###.##


You could see Grinder.

Vanquished Creatures
  Sigmund (D:2)
  The ghost of Mulkerokala the Bolt Thrower, an average KoAM (D:3)
  An ogre (D:3)
  An orc wizard (D:3)
  Robin (D:3)
  3 adders
  A gnoll (D:1)
  2 oozes
  2 worms (D:2)
  2 giant geckos
  9 orcs (D:3)
  2 ball pythons (D:2)
  3 giant cockroaches
  14 hobgoblins
  9 bats
  A giant newt (D:2)
  16 goblins
  8 kobolds
  5 rats
82 creatures vanquished.

Vanquished Creatures (others)
  A giant newt (D:3)
1 creature vanquished.

Grand Total: 83 creatures vanquished

Notes
Turn   | Place    | Note
--------------------------------------------------------------
     0 | D:1      | MonkeyBuisness the Gargoyle Fighter began the quest for the Orb.
     0 | D:1      | Reached XP level 1. HP: 14/14 MP: 1/1
    70 | D:1      | Reached XP level 2. HP: 14/19 MP: 2/2
   134 | D:1      | Reached skill level 1 in Dodging
   377 | D:1      | Reached XP level 3. HP: 23/23 MP: 3/3
  1180 | D:2      | Found a shattered altar of Ashenzari.
  1335 | D:2      | Reached XP level 4. HP: 26/29 MP: 4/4
  1532 | D:2      | Found a deep blue altar of Sif Muna.
  1542 | D:2      | Noticed Sigmund
  1557 | D:2      | Killed Sigmund
  1557 | D:2      | Reached skill level 4 in Fighting
  1557 | D:2      | Reached skill level 3 in Maces & Flails
  1557 | D:2      | Reached skill level 4 in Armour
  1557 | D:2      | Reached skill level 2 in Dodging
  1557 | D:2      | Reached skill level 4 in Shields
  1557 | D:2      | Reached XP level 5. HP: 14/34 MP: 5/5
  1850 | D:2      | Reached XP level 6. HP: 39/39 MP: 6/6
  1946 | D:3      | Found a shimmering altar of Xom.
  1975 | D:3      | Noticed Mulkerokala's ghost (average KoAM)
  1993 | D:3      | Killed Mulkerokala's ghost
  2013 | D:3      | Noticed Robin
  2034 | D:3      | Killed Robin
  2034 | D:3      | HP: 9/39 [goblin/dagger[Robin] (3)]
  2041 | D:3      | HP: 8/39 [goblin[Robin] (2)]
  2413 | D:3      | Reached XP level 7. HP: 27/44 MP: 7/7
  2693 | D:3      | Reached skill level 5 in Armour
  2699 | D:3      | Noticed Grinder
  2703 | D:3      | Paralysed by Grinder for 4 turns
  2715 | D:3      | HP: 5/44 [Grinder/nerve-wracking pain (12)]
  3028 | D:3      | Paralysed by Grinder for 6 turns
  3038 | D:3      | Killed from afar by Grinder

Vault maps used:
D:1:      lightli_arrival_windingriver, minmay_distorted
D:2:      nicolae_ashenzari_panopticon, nicolae_overflow_hidden_temple,
          first_bread, uniq_sigmund
D:3:      lemuel_crystal_altar, nemelex_altar_shiori, uniq_robin, uniq_grinder,
          uniq_natasha

Action                   |  1- 3 |  4- 6 |  7- 9 || total
-------------------------+-------+-------+-------++-------
Melee: Flail             |   120 |   110 |    77 ||   307
  Use: Scroll            |       |     5 |       ||     5
  Eat: Bread ration      |       |     2 |       ||     2
       Meat ration       |       |     1 |       ||     1

Vault maps used:
D:1:      lightli_arrival_windingriver, minmay_distorted
D:2:      nicolae_ashenzari_panopticon, nicolae_overflow_hidden_temple,
          first_bread, uniq_sigmund
D:3:      lemuel_crystal_altar, nemelex_altar_shiori, uniq_robin, uniq_grinder,
          uniq_natasha

Table legend:
 A = Turns spent in this place as a percentage of turns spent in the entire game.
 B = Non-inter-level travel turns spent in this place as a percentage of non-inter-level travel turns spent in the entire game.
 C = Inter-level travel turns spent in this place as a percentage of turns spent in this place.
 D = Turns resting spent in this place as a percentage of non-inter-level travel turns spent in this place.
 E = Turns spent auto-exploring this place as a percentage of non-inter-level travel turns spent in this place.
 F = Non-inter-level travel turns spent in this place divided by the number of levels of this place that you've seen.
                   A       B       C       D       E      F
               +-------+-------+-------+-------+-------+----------------------
         Total | 100.0 | 100.0 |   0.5 |   1.9 |  10.2 | 281.3
       Dungeon | 100.0 | 100.0 |   0.5 |   1.9 |  10.2 | 281.3
               +-------+-------+-------+-------+-------+----------------------

Table legend:
 A = Kills in this place as a percentage of kills in entire the game.
 B = Kills by you in this place as a percentage of kills by you in the entire game.
 C = Kills by friends in this place as a percentage of kills by friends in the entire game.
 D = Other kills in this place as a percentage of other kills in the entire game.
 E = Experience gained in this place as a percentage of experience gained in the entire game.
 F = Experience gained in this place divided by the number of levels of this place that you have seen.
                   A       B       C       D       E      F
               +-------+-------+-------+-------+-------+----------------------
         Total | 100.0 | 100.0 |  -nan |  -nan | 100.0 | 253.0
       Dungeon | 100.0 | 100.0 |  -nan |  -nan | 100.0 | 253.0
               +-------+-------+-------+-------+-------+----------------------
